Description

One Gate Oracle Expand into Carrier, Chargelot, Archon

This build is a little more difficult because it focuses a lot on getting some harass done and utilizing oracles effectively, but it ultimately gives you a really strong endgame army with little to no need for micro.

Replay - 2020-04-27 - (P)Harstem VS (Z)Namshar

Build Order

Get SALT Encoding   

  12  0:00  Probe  
  13  0:12  Probe  
  14  0:18  Pylon  
  14  0:24  Probe (Chrono Boost)  
  15  0:37  Probe (Chrono Boost)  
  15  0:38  Gateway  
  16  0:45  Probe (Chrono Boost)  
  16  0:48  Assimilator  
  17  0:51  Probe  
  18  1:03  Probe  
  19  1:15  Probe  
  20  1:23  Nexus  
  20  1:33  Cybernetics Core  
  20  1:36  Probe  
  21  1:41  Assimilator  
  21  1:48  Probe  
  21  1:51  Pylon  
  22  2:00  Probe  
  23  2:07  Adept (Chrono Boost)  
  23  2:12  Probe  
  26  2:16  Stargate  
  26  2:25  Probe (Chrono Boost)  
  26  2:27  Adept (Chrono Boost)  
  26  2:28  Warp Gate  
  27  2:35  Probe (Chrono Boost)  
  31  2:42  Probe x2 (Chrono Boost)  
  32  2:49  Probe x2 (Chrono Boost), Adept  
  36  2:59  Oracle (Chrono Boost)  
  36  3:00  Probe x2  
  41  3:08  Pylon  
  41  3:13  Probe x2  
  43  3:22  Gateway  
  43  3:25  Probe x2  
  44  3:28  Oracle (Chrono Boost)  
  44  3:33  Adept  
  50  3:35  Pylon  
  50  3:37  Probe x2  
  52  3:49  Probe  
  53  4:00  Nexus  
  53  4:05  Probe x2  
  55  4:13  Pylon  
  55  4:15  Assimilator x2  
  55  4:16  Adept x2  
  58  4:17  Probe x2  
  58  4:23  Robotics Facility  
  61  4:26  Pylon  
  61  4:31  Probe x2 (Chrono Boost)  
  63  4:39  Sentry x2  
  63  4:41  Pylon  
  63  4:42  Probe x3 (Chrono Boost)  
  70  4:53  Probe x2  
  68  5:05  Probe x2  
  67  5:11  Immortal (Chrono Boost)  
  67  5:13  Probe (Chrono Boost)  
  69  5:17  Zealot, Sentry, Forge  
  69  5:18  Twilight Council  
  69  5:20  Probe x3 (Chrono Boost)  
  74  5:30  Gateway x2  
  74  5:33  Probe x2 (Chrono Boost)  
  74  5:35  Shield Battery  
  76  5:39  Zealot  
  76  5:40  Adept  
  80  5:46  Probe x2  
  78  5:54  Probe x2  
  76  6:00  Sentry x2  
  76  6:01  Probe (Chrono Boost)  
  76  6:03  Protoss Ground Weapons Level 1 (Chrono Boost)  
  78  6:04  Assimilator x2  
  78  6:06  Charge  
  78  6:09  Probe x2 (Chrono Boost)  
  78  6:10  Gateway  
  80  6:11  Pylon  
  80  6:15  Probe (Chrono Boost)  
  80  6:17  Pylon  
  82  6:21  Templar Archives  
  82  6:22  Probe x3 (Chrono Boost)  
  82  6:23  Gateway x2  
  83  6:30  Warp Prism (Chrono Boost)  
  86  6:41  Gateway x2  
  86  6:42  Photon Cannon  
  86  6:47  Zealot x2, Sentry  
  86  6:51  Pylon x2  
  92  6:59  Colossus (Chrono Boost)  
  92  7:03  Warp Prism (Chrono Boost)  
  92  7:06  High Templar x4  
  98  7:10  Archon  
  98  7:12  Zealot  
  104  7:16  Archon  
  104  7:18  Zealot  
  104  7:20  Phoenix (Chrono Boost)  
  104  7:21  Pylon x2  
  104  7:22  Nexus  
  108  7:25  Zealot  
  110  7:36  Probe  
  111  7:41  High Templar x4  
  111  7:42  Zealot x3  
  125  7:46  Photon Cannon  
  125  7:48  Archon x2  
  125  7:54  Immortal (Chrono Boost)  
  125  7:55  Zealot x2  
  131  8:08  Zealot x3  
  131  8:09  Protoss Ground Weapons Level 2  
  137  8:13  Psionic Storm  
  137  8:15  Probe x2  
  137  8:19  Zealot x5  
  149  8:26  Pylon x2  
  149  8:29  Unknown  
  149  8:34  Probe  
  150  8:38  Zealot x4  
  156  8:43  High Templar x3  
  156  8:47  Photon Cannon x2  
  162  8:52  Observer (Chrono Boost)  
  162  8:55  High Templar x2  
  165  8:56  Probe  
  165  8:59  Photon Cannon  
  165  9:00  Pylon x2  
  165  9:01  Shield Battery  
  168  9:07  Immortal (Chrono Boost)  
  166  9:22  Zealot x7  
  180  9:29  High Templar  
  180  9:30  Probe  
  167  9:39  Warp Prism (Chrono Boost)  
  157  9:53  Probe  
  157  9:55  High Templar x2  
  157  9:56  Fleet Beacon  
  157  9:57  Zealot x3, Photon Cannon x2  
  157  9:58  Stargate  
Spawning Tool Build Advisor. Get it on Overwolf

Analysis

If the Zerg is gearing up for a strong, early push, Stargate is NOT the way to go. You may need to make an extra void or two from the one stargate, but go ahead and abandon ship to focus on robo units. In general robo does a lot better in the midgame.

Go to:

Details

  • Created by: Texturace
  • Published on: May 15, 2020
  • Modified on: Jun 15, 2020
  • Patch: 4.11.0
  • Difficulty: Hard
Show
View Real Time Build Order
Export as new Build Order

Comments (0)

There are no comments. Be the first!

Create an account to comment!